 Dungeon Crawl Stone Soup version 0.18-a0-822-gb52b7b4 (webtiles) character file.

330 Raultor the Skirmisher (level 6, -3/48 HPs)
             Began as a Demonspawn Fighter on Dec 16, 2015.
             Slain by a gnoll
             ... wielding a +0 flail
              (7 damage)
             ... on level 4 of the Dungeon.
             The game lasted 00:10:15 (4303 turns).

Raultor the Skirmisher (Demonspawn Fighter)         Turns: 4303, Time: 00:10:15

Health: -3/48      AC:  6    Str: 16    XL:     6   Next: 26%
Magic:  0/6        EV:  7    Int: 10    God:
Gold:   186        SH:  9    Dex: 14    Spells: 0 memorised, 5 levels left

rFire  + . .     SeeInvis .     a - +0 flail
rCold  . . .     Gourm    .     b - +0 scale mail
rNeg   . . .     Faith    .     c - +0 shield
rPois  +         Spirit   +     m - -2 helmet (curse)
rElec  .         Dismiss  +     (no cloak)
rCorr  .         Reflect  .     (no gloves)
SustAt .         Harm     .     (no boots)
MR     .....                    h - amulet of dismissal
Stlth  ..........               q - ring of poison resistance {rPois, !d}
                                l - ring of protection from fire {rF+, !d}

@: not resistant to hostile enchantments, extremely unstealthy
A: magic shield, magic regeneration
a: no special abilities


You were on level 4 of the Dungeon.
You were hungry.

You visited 1 branch of the dungeon, and saw 4 of its levels.

You collected 186 gold pieces.

Inventory:

Hand Weapons
 a - a +0 flail (weapon)
Armour
 b - a +0 scale mail (worn)
 c - a +0 shield (worn)
 m - a cursed -2 helmet (worn)
   (You found it on level 2 of the Dungeon)
Jewellery
 h - an amulet of dismissal (around neck)
   (You found it on level 1 of the Dungeon)
 l - a ring of protection from fire (left hand) {rF+, !d}
   (You found it on level 3 of the Dungeon)
 q - a ring of poison resistance (right hand) {rPois, !d}
   (You found it on level 3 of the Dungeon)
Wands
 w - a wand of digging (8)
   (You found it on level 3 of the Dungeon)
Scrolls
 d - a scroll of fear {unknown}
 e - 2 scrolls of random uselessness {unknown}
 g - 2 scrolls of teleportation {unknown}
 j - a scroll of noise {unknown}
 k - 3 scrolls of recharging {unknown}
 n - a scroll of blinking {unknown}
 s - 3 scrolls of remove curse {unknown}
 t - a scroll of amnesia {unknown}
Potions
 i - a potion of heal wounds {unknown}
 o - 2 potions of curing
 p - a potion of beneficial mutation {unknown}
 r - a potion of agility
 v - a potion of berserk rage {unknown}
Comestibles
 f - 3 bread rations {@e1}
 u - 2 fruits
 z - a meat ration {@e2}


   Skills:
 + Level 4.2 Fighting
 * Level 3.9 Maces & Flails
 + Level 3.9 Armour
 + Level 3.5 Shields


You had 5 spell levels left.
You didn't know any spells.

Dungeon Overview and Level Annotations

Branches:
Dungeon (4/15)
 Temple: D:4-7

Altars:
Fedhas
Ru
The Shining One

Annotations:
D:4 Crazy Yiuf, Eustachio


Innate Abilities, Weirdness & Mutations

When hurt, damage is shared between your health and your magic reserves.
You regenerate magic rapidly.


Message History

The giant cockroach bites you.
You take 2 damage, and have 44/48 hp.
You hit the giant cockroach. You block the giant cockroach's attack.
You block the giant cockroach's attack.
You sock the giant cockroach!
You kill the giant cockroach!
No target in view!
f - 3 bread rations {@e1} (gained 1)
The gnoll shouts!
The gnoll shouts!
A quokka comes into view.
You block the gnoll's attack.
The gnoll hits you from afar with a spear.
You take 1 damage, and have 45/48 hp.
Your shield prevents you from hitting the gnoll.
The gnoll hits you but does no damage. The gnoll closely misses you.
The gnoll hits you from afar with a spear.
An adder comes into view.
You take 3 damage, and have 42/48 hp.
You closely miss the gnoll. You block the gnoll's attack.
The gnoll hits you but does no damage. The adder barely misses you.
You block the adder's attack. The gnoll hits you but does no damage.
You block the adder's attack. You block the adder's attack.
The adder completely misses you. The adder bites you.
You take 2 damage, and have 43/48 hp.
There is an open door here.
You barely miss the adder. The adder barely misses you.
The adder bites you but does no damage. The adder bites you but does no damage.
The adder bites you but does no damage.
The quokka twitches its whiskers.
The adder bites you but does no damage. You block the adder's attack.
You miss the adder. The adder bites you.
A gnoll opens the door.
You take 1 damage, and have 45/48 hp.
You hit the adder. The adder barely misses you. You block the adder's attack.
You closely miss the adder. The adder bites you but does no damage.
You miss the adder. The adder bites you but does no damage.
You block the adder's attack. You block the gnoll's attack.
You sock the adder! The adder bites you but does no damage.
The gnoll hits you from afar with a spear.
You take 4 damage, and have 41/48 hp.
You now have 5/6 mp.
You closely miss the adder. The adder bites you but does no damage.
The gnoll hits you from afar with a spear.
The adder completely misses you.
You take 4 damage, and have 37/48 hp.
You closely miss the adder. The adder bites you.
The gnoll hits you from afar with a spear.
You block the adder's attack.
The gnoll hits you from afar with a spear.
You take 5 damage, and have 32/48 hp.
You now have 3/6 mp.
You closely miss the adder. The adder closely misses you.
You block the gnoll's attack.
You barely miss the adder. The adder bites you but does no damage.
You block the adder's attack.
The gnoll hits you from afar with a spear.
You take 6 damage, and have 26/48 hp.
You hit the adder. The adder bites you but does no damage.
The gnoll hits you but does no damage. You block the adder's attack.
You hit the adder.
You kill the adder!
You block the gnoll's attack. You block the quokka's attack.
You block the gnoll's attack.
You hit the quokka. The quokka barely misses you.
The quokka bites you but does no damage.
You hit the quokka.
The quokka bites you but does no damage.
You miss the quokka. You block the quokka's attack.
You block the gnoll's attack. You block the quokka's attack.
The gnoll hits you from afar with a spear.
You take 4 damage, and have 23/48 hp.
You now have 4/6 mp.
You sock the quokka!
You kill the quokka!
The gnoll hits you from afar with a spear.
You now have 3/6 mp.
You block the gnoll's attack.
You barely miss the gnoll. You hit the gnoll. The gnoll hits you with a spear!
The gnoll barely misses you.
You take 8 damage, and have 16/48 hp.
You now have 2/6 mp.
You hit the gnoll. You block the gnoll's attack. The gnoll barely misses you.
The gnoll hits you with a spear.
* * * LOW HITPOINT WARNING * * *
You take 4 damage, and have 12/48 hp.
You closely miss the gnoll. The gnoll hits you but does no damage.
You block the gnoll's attack.
You hit the gnoll.
You are feeling hungry.
The gnoll hits you but does no damage. The gnoll hits you with a flail!
* * * LOW HITPOINT WARNING * * *
You take 8 damage, and have 4/48 hp.
You now have 1/6 mp.
You sock the gnoll!
You kill the gnoll!
You block the gnoll's attack.
Your shield and scale mail prevent you from hitting the gnoll.
The gnoll hits you with a flail!
You die...

##....##....##....##.#
##....##....###g###..#
#..........<.#g.....#
#............#....#.#
##...........#....#.#
##.....(.....#......#
#....)##....##g....##
#....@g...'........#
#.....##..........##
#..#####...........#
#...........##.....#
#...........##....##
#...........#......#
#...........#......#
#..)........#......#


You could see a gnoll.

Vanquished Creatures
  A phantom (D:3)
  A hound (D:3)
  An orc wizard (D:4)
  A worker ant (D:4)
  7 adders
  2 gnolls
  2 oozes (D:3)
  An adder skeleton (D:4)
  A worm (D:3)
  A giant gecko (D:4)
  4 orcs
  4 giant cockroaches
  8 goblins
  9 hobgoblins
  5 jackals (D:3)
  5 kobolds (D:3)
  3 quokkas
  4 bats
  2 giant newts
  5 rats
67 creatures vanquished.

Notes
Turn   | Place    | Note
--------------------------------------------------------------
     0 | D:1      | Raultor the Demonspawn Fighter began the quest for the Orb.
     0 | D:1      | Reached XP level 1. HP: 18/18 MP: 1/1
   196 | D:1      | Reached skill level 2 in Maces & Flails
   456 | D:1      | Found a glowing golden altar of the Shining One.
   556 | D:2      | Gained mutation: When hurt, damage is shared between your health and your magic reserves. [demonic ancestry]
   556 | D:2      | Reached XP level 2. HP: 24/24 MP: 2/2
   939 | D:2      | Found a blossoming altar of Fedhas.
   939 | D:2      | Found a sacrificial altar of Ru.
  1141 | D:3      | Reached skill level 3 in Armour
  1141 | D:3      | Gained mutation: You regenerate magic rapidly. [demonic ancestry]
  1141 | D:3      | Reached XP level 3. HP: 22/29 MP: 3/3
  1204 | D:3      | HP: 5/29 [adder (3)]
  1217 | D:3      | HP: 7/29 [poisoned by an adder]
  1219 | D:3      | HP: 3/29 [adder (3)]
  1228 | D:3      | HP: 3/43 [poisoned by an adder]
  1234 | D:3      | HP: 3/43 [poisoned by an adder]
  1240 | D:3      | HP: 2/43 [poisoned by an adder]
  2056 | D:3      | Reached skill level 3 in Shields
  2217 | D:3      | Reached XP level 4. HP: 33/35 MP: 2/4
  2703 | D:4      | Noticed Eustachio
  2712 | D:4      | Reached skill level 3 in Maces & Flails
  2719 | D:4      | HP: 8/37 [river rat[Eustachio] (3)]
  2992 | D:4      | Noticed a phantom
  3034 | D:3      | Killed a phantom
  3034 | D:3      | Reached skill level 4 in Fighting
  3034 | D:3      | Reached XP level 5. HP: 14/42 MP: 3/5
  3682 | D:4      | Reached XP level 6. HP: 46/48 MP: 6/6
  3732 | D:4      | Noticed Crazy Yiuf
  3868 | D:4      | HP: 12/48 [ufetubus[Eustachio] (3)]
  3869 | D:4      | HP: 5/48 [white imp/puff of frost[Eustachio] (4)]
  3869 | D:4      | HP: 2/48 [river rat[Eustachio] (3)]
  4299 | D:4      | HP: 12/48 [gnoll/spear (5)]
  4301 | D:4      | HP: 4/48 [gnoll/flail (8)]
  4303 | D:4      | Slain by a gnoll

Vault maps used:
D:1:      dpeg_arrival_short_road, tso_altar
D:2:      gammafunk_temple_overflow_elements, first_bread
D:3:      portal_sewer_entry_d, corner_web_ring, kennysheep_generic_room_5
D:4:      nicolae_overflow_quartered_altars, uniq_eustachio,
          uniq_crazy_yiuf_cottage

Action                   |  1- 3 |  4- 6 || total
-------------------------+-------+-------++-------
Melee: Flail             |   140 |   171 ||   311
  Use: Potion            |     5 |     2 ||     7
  Eat: Chunk             |     5 |     6 ||    11

Vault maps used:
D:1:      dpeg_arrival_short_road, tso_altar
D:2:      gammafunk_temple_overflow_elements, first_bread
D:3:      portal_sewer_entry_d, corner_web_ring, kennysheep_generic_room_5
D:4:      nicolae_overflow_quartered_altars, uniq_eustachio,
          uniq_crazy_yiuf_cottage

Table legend:
 A = Turns spent in this place as a percentage of turns spent in the entire game.
 B = Non-inter-level travel turns spent in this place as a percentage of non-inter-level travel turns spent in the entire game.
 C = Inter-level travel turns spent in this place as a percentage of turns spent in this place.
 D = Turns resting spent in this place as a percentage of non-inter-level travel turns spent in this place.
 E = Turns spent auto-exploring this place as a percentage of non-inter-level travel turns spent in this place.
 F = Non-inter-level travel turns spent in this place divided by the number of levels of this place that you've seen.
                   A       B       C       D       E      F
               +-------+-------+-------+-------+-------+----------------------
         Total | 100.0 | 100.0 |   1.4 |   5.7 |  11.3 | 207.5
       Dungeon | 100.0 | 100.0 |   1.4 |   5.7 |  11.3 | 207.5
               +-------+-------+-------+-------+-------+----------------------

Table legend:
 A = Kills in this place as a percentage of kills in entire the game.
 B = Kills by you in this place as a percentage of kills by you in the entire game.
 C = Kills by friends in this place as a percentage of kills by friends in the entire game.
 D = Other kills in this place as a percentage of other kills in the entire game.
 E = Experience gained in this place as a percentage of experience gained in the entire game.
 F = Experience gained in this place divided by the number of levels of this place that you have seen.
                   A       B       C       D       E      F
               +-------+-------+-------+-------+-------+----------------------
         Total | 100.0 | 100.0 |  -nan |  -nan | 100.0 | 118.0
       Dungeon | 100.0 | 100.0 |  -nan |  -nan | 100.0 | 118.0
               +-------+-------+-------+-------+-------+----------------------
